 Dungeon Crawl Stone Soup version 0.23-a0-208-gb6b040f (webtiles) character file.

20837 Amnesiac the Slinger (level 12, 0/76 HPs)
             Began as a Mummy Arcane Marksman on Sept 26, 2018.
             Was a High Priest of Okawaru.
             Killed by divine providence
             ... invoked by an orc high priest
              (11 damage)
             ... on level 1 of the Orcish Mines.
             The game lasted 00:46:19 (20848 turns).

Amnesiac the Slinger (Mummy Arcane Marksman)       Turns: 20848, Time: 00:46:20

Health: 0/76       AC: 17    Str: 16 (17) XL:     12   Next: 48%
Magic:  3/33       EV: 11    Int: 10 (12) God:    Okawaru [*****.]
Gold:   590        SH:  5    Dex: 13      Spells: 6/27 levels left

rFire    x . .     SeeInvis .   F - +2 fustibalus of Sloth {venom, +Blink +Inv rElec Int-4}
rCold    + . .     Gourm    .   l - +0 buckler
rNeg     + + +     Faith    .   f - +1 ring mail {MR+}
rPois    ∞         Spirit   .   p - +2 helmet {Int+3}
rElec    +         Reflect  .   E - +1 cloak of Henotheism {rElec}
rCorr    .         Harm     .   B - +0 pair of gloves (curse)
MR       ++...                  i - +0 pair of boots
Stlth    +.........             (no amulet)
HPRegen  0.22/turn              g - ring of magical power
MPRegen  0.23/turn              o - +4 ring of protection

@: about to teleport, very slightly contaminated
A: no food or potions, fire vulnerability, cold resistance 1, negative energy
resistance 3, torment resistance, unbreathing
a: Heroism, Finesse, Renounce Religion, Evoke Blink, Evoke Invisibility


You were on level 1 of the Orcish Mines.
You worshipped Okawaru.
Okawaru was extremely pleased with you.
You were not hungry.

You visited 3 branches of the dungeon, and saw 15 of its levels.

You collected 1040 gold pieces.
You spent 450 gold pieces at shops.

Inventory:

Hand Weapons
 b - a +2 dagger of draining
 w - a +4 scimitar of flaming
 C - a +0 blowgun
 F - the +2 fustibalus of Sloth (weapon) {venom, +Blink +Inv rElec Int-4}
   (Okawaru gifted it to you on level 12 of the Dungeon)

   It poisons the ammo it fires.
   It affects your intelligence (-4).
   It insulates you from electricity.
   It lets you turn invisible.
   It lets you blink.
Missiles
 k - 50 sling bullets
 q - 276 stones (quivered)
Armour
 f - a +1 ring mail of magic resistance (worn)
 i - a +0 pair of boots (worn)
 l - a +0 buckler (worn)
 p - a +2 helmet of intelligence (worn)
 B - a cursed +0 pair of gloves (worn)
 E - the +1 cloak of Henotheism (worn) {rElec}
   (You bought it in a shop on level 11 of the Dungeon)

   It insulates you from electricity.
Jewellery
 e - an uncursed ring of wizardry
 g - a ring of magical power (left hand)
 o - a +4 ring of protection (right hand)
Wands
 m - a wand of iceblast (4)
 r - a wand of enslavement (14)
 z - a wand of polymorph (33)
Scrolls
 c - 8 scrolls of remove curse {!r}
 d - 2 scrolls of fear {!r}
 h - a scroll of blinking {!r}
 j - 2 scrolls of magic mapping {!r}
 n - 2 scrolls of enchant armour {!r}
 s - 2 scrolls of teleportation {!r}
 t - 5 scrolls of fog {!r}
 u - 2 scrolls of torment {!r}
 v - a scroll of immolation {!r}
 x - 5 scrolls of enchant weapon {!r}
 y - a scroll of identify {!r}
 A - 2 scrolls of amnesia {!r}
 D - a scroll of vulnerability {!r}


   Skills:
 - Level 1.1 Fighting
 + Level 12.5 Slings
 - Level 1.7 Armour
 - Level 1.8 Dodging
 - Level 4.0 Shields
 - Level 8.0 Spellcasting
 - Level 8.0 Hexes
 - Level 8.0 Invocations


You had 6 spell levels left.
You knew the following spells:

 Your Spells              Type           Power        Failure   Level  Hunger
a - Corona                Hex            ###....      1%          1    N/A
b - Cause Fear            Hex            ###.......   12%         4    N/A
c - Portal Projectile     Hex/Tloc       ##....       19%         3    N/A
d - Dazzling Spray        Conj/Hex       ##....       19%         3    N/A
e - Confuse               Hex            ###.....     3%          3    N/A
f - Slow                  Hex            ###.....     1%          2    N/A
g - Ensorcelled Hibernat  Hex/Ice        ##....       9%          2    N/A
w - Tukima's Dance        Hex            ###.....     3%          3    N/A

Your spell library contained the following spells:

 Spells                   Type           Power        Failure   Level  Hunger
 Inner Flame              Hex/Fire       ##......     19%         3    N/A
 Leda's Liquefaction      Hex/Erth       ##........   52%         4    N/A

Dungeon Overview and Level Annotations

Branches:
Dungeon (12/15)            Temple (1/1) D:7            Lair (0/6) D:10
    Orc (2/2) D:12
    Elf: Orc:2

Altars:
Ashenzari
Cheibriados
Dithmenos
Elyvilon
Fedhas
Gozag
Hepliaklqana
Kikubaaqudgha
Makhleb
Nemelex Xobeh
Okawaru
Qazlal
Ru
Sif Muna
Trog
Uskayaw
Vehumet
Wu Jian
Xom
Yredelemnul
Zin
The Shining One
Beogh

Shops:
D:7 ?   D:8 [   D:10 (   D:11 ?[:!

Annotations:
D:12 exclusion: upstairs


Innate Abilities, Weirdness & Mutations

You do not eat or drink.
Your flesh is vulnerable to fire.
You are immune to poison.
Your flesh is cold resistant. (rC+)
You are immune to negative energy. (rN+++)
You are immune to unholy pain and torment.
You can survive without breathing.


Message History

Casting: Confuse (safe; 3% risk of failure)
Confirm with . or Enter, or press ? or * to list all spells.
Aiming: Confuse (safe; 3% risk of failure)
Press: ? - help, Shift-Dir - straight line, f/p - orc high priest
Aim: an orc high priest, wielding a hand axe (chance to defeat MR: 18%)
The orc high priest resists with almost no effort.
The orc high priest invokes the aid of Beogh against you.
Beogh smites you!
* * * LOW HITPOINT WARNING * * *
Unknown command.
Casting: Confuse (safe; 3% risk of failure)
Confirm with . or Enter, or press ? or * to list all spells.
Aiming: Confuse (safe; 3% risk of failure)
Press: ? - help, Shift-Dir - straight line, f/p - orc high priest
Aim: an orc high priest, wielding a hand axe (chance to defeat MR: 18%)
The orc high priest resists with almost no effort.
The orc high priest hits you but does no damage.
Unknown command.
Casting: Confuse (safe; 3% risk of failure)
Confirm with . or Enter, or press ? or * to list all spells.
Aiming: Confuse (safe; 3% risk of failure)
Press: ? - help, Shift-Dir - straight line, f/p - orc high priest
Aim: an orc high priest, wielding a hand axe (chance to defeat MR: 18%)
The orc high priest resists with almost no effort.
The orc high priest hits you with a hand axe.
* * * LOW HITPOINT WARNING * * *
Unknown command.
Casting: Confuse (safe; 3% risk of failure)
Confirm with . or Enter, or press ? or * to list all spells.
You don't have enough magic to cast that spell.
Unknown command.
Evoke which item? (* to show all) (? for menu, Esc to quit)
Okay, then.
Really read
s - 3 scrolls of teleportation {!r}?
As you read the scroll of teleportation {!r}, it crumbles to dust.
You feel strangely unstable. You block the orc high priest's attack.
Firing (i - inventory. (/) - cycle)
q - 280 stones (quivered)
Press: ? - help, Shift-Dir - straight line, f/p - orc high priest
Aim: an orc high priest, wielding a hand axe You shoot a stone.
The stone hits the orc high priest!
The orc high priest is poisoned.
The orc high priest is moderately wounded.
The orc high priest hits you but does no damage.
Firing (i - inventory. (/) - cycle)
q - 279 stones (quivered)
Press: ? - help, Shift-Dir - straight line, f/p - orc high priest
Aim: an orc high priest, wielding a hand axe (moderately wounded, poisoned)
You shoot a stone. The stone hits the orc high priest!
The orc high priest looks as sick as possible!
The orc high priest is heavily wounded.
The orc high priest mumbles some strange prayers to Beogh against you.
Beogh smites you!
* * * LOW HITPOINT WARNING * * *
Firing (i - inventory. (/) - cycle)
q - 278 stones (quivered)
Press: ? - help, Shift-Dir - straight line, f/p - orc high priest
Aim: an orc high priest, wielding a hand axe (heavily wounded, poisoned)
You shoot a stone.
The stone closely misses the orc high priest.
Firing (i - inventory. (/) - cycle)
q - 277 stones (quivered)
Press: ? - help, Shift-Dir - straight line, f/p - orc high priest
Aim: an orc high priest, wielding a hand axe (heavily wounded, poisoned)
You shoot a stone. The stone misses the orc high priest.
The orc high priest invokes the aid of Beogh against you.
Beogh smites you!
You die...

.....## #.........
......## #.....##..
.....#.# ####
#......##. ..###..##
##..# ##.....#..
...#....####...##
####.....
..#.......##....####
#......
.#.................##
###....
#...................#
#.>.#
....###..[..#.##@...###
#####
...#####.....##.[o....#
....#.#.....###......##
#....##......[..)..(.#
###.........[)..)...##
####.....###......###
.#####.###......[..##
....##..#...........#
....######.....#....###


You could see an orc high priest.

Vanquished Creatures
  A hydra (D:9)
  Erica (D:8)
  A deep elf knight (D:12)
  An orange crystal statue (D:12)
  A cyclops (D:11)
  An ugly thing (D:11)
  An ice statue (D:12)
  Psyche (D:12)
  2 gargoyles
  4 centaur skeletons
  A komodo dragon (D:12)
  6 trolls
  Grinder (D:2)
  5 slime creatures (D:12)
  2 dream sheep (D:9)
  Prince Ribbit (D:8)
  2 hippogriffs (D:11)
  2 shadows (D:12)
  21 yaks
  A steam dragon (D:11)
  A hungry ghost (D:6)
  3 vampire mosquitoes
  A soldier ant (D:11)
  2 water moccasins
  2 porcupines (D:10)
  4 dancing weapons
  11 orc warriors
  2 sky beasts
  2 phantoms
  7 black bears
  A necrophage (D:11)
  3 ogres
  15 centaurs
  3 crocodiles
  6 big kobolds
  5 bullfrogs
  A wyvern zombie (D:12)
  A water moccasin zombie (D:7)
  5 killer bees (D:10)
  8 wights
  3 howler monkeys (D:11)
  6 crimson imps
  A centaur zombie (D:12)
  2 bullfrog zombies
  4 jellies
  17 orc wizards
  12 orc priests
  A bullfrog skeleton (D:12)
  11 hounds
  3 iguanas
  6 worker ants
  3 hound zombies
  2 hound skeletons
  A mummy (D:4)
  4 gnolls
  6 adders
  5 shadow imps
  An ooze (D:1)
  An adder skeleton (D:3)
  2 worms
  A dart slug (D:2)
  9 leopard geckos
  91 orcs
  A bat (D:1)
  2 giant cockroaches
  3 goblins
  4 hobgoblins
  13 jackals
  17 kobolds
  2 quokkas
  11 frilled lizards
  A hobgoblin zombie (D:4)
  3 kobold zombies (D:4)
  A leopard gecko skeleton (D:7)
  A quokka skeleton (D:9)
  9 rats
399 creatures vanquished.

Vanquished Creatures (collateral kills)
  2 two-headed ogres (D:10)
  An orc warrior (D:10)
  3 ogres
  An orc priest (D:10)
  A leopard gecko (D:10)
8 creatures vanquished.

Vanquished Creatures (others)
  An unseen horror (D:11)
  A dancing weapon (D:9)
  8 fungi (D:10)
  A plant (D:10)
11 creatures vanquished.

Grand Total: 418 creatures vanquished

Notes
Turn   | Place    | Note
-------+----------+-------------------------------------------
     0 | D:1      | Amnesiac the Mummy Arcane Marksman began the quest for the
                  | Orb.
     0 | D:1      | Reached XP level 1. HP: 15/15 MP: 2/2
   129 | D:1      | Reached skill level 2 in Slings
   136 | D:1      | Reached XP level 2. HP: 19/21 MP: 4/4
   539 | D:1      | Reached XP level 3. HP: 26/26 MP: 5/5
  1337 | D:3      | Learned a level 2 spell: Slow
  1359 | D:3      | Reached skill level 3 in Slings
  1375 | D:2      | Reached XP level 4. HP: 32/32 MP: 6/6
  1493 | D:3      | Noticed Grinder
  1603 | D:2      | Paralysed by Grinder for 7 turns
  1619 | D:2      | Paralysed by Grinder for 4 turns
  1632 | D:2      | Killed Grinder
  1632 | D:2      | Reached skill level 4 in Slings
  1632 | D:2      | Reached XP level 5. HP: 30/37 MP: 7/7
  1632 | D:2      | Reached XP level 6. HP: 35/43 MP: 8/8
  2193 | D:3      | Found a burning altar of Makhleb.
  2514 | D:5      | Entered Level 5 of the Dungeon
  2625 | D:5      | Reached skill level 1 in Shields
  2878 | D:4      | Reached skill level 5 in Slings
  2878 | D:4      | Reached XP level 7. HP: 19/48 MP: 10/10
  3758 | D:5      | Learned a level 4 spell: Cause Fear
  3772 | D:5      | Learned a level 3 spell: Portal Projectile
  4868 | D:5      | Reached skill level 6 in Slings
  5201 | D:6      | Reached XP level 8. HP: 54/54 MP: 9/11
  5892 | D:4      | Reached skill level 7 in Slings
  6280 | D:6      | Reached skill level 8 in Slings
  6465 | D:6      | Learned a level 3 spell: Confuse
  6554 | D:6      | Reached XP level 9. HP: 31/59 MP: 2/14
  7377 | D:4      | Learned a level 3 spell: Tukima's Dance
  8029 | D:6      | Reached skill level 5 in Spellcasting
  8108 | D:7      | Reached skill level 9 in Slings
  8378 | D:7      | Found Zoqaff's Magic Scroll Emporium.
  8526 | D:7      | Found a staircase to the Ecumenical Temple.
  8565 | Temple   | Entered the Ecumenical Temple
  8640 | Temple   | Became a worshipper of Warmaster Okawaru
  8685 | D:8      | Found Gysexur's Armour Shoppe.
  8968 | D:8      | Noticed Prince Ribbit
  9298 | D:8      | Noticed a two-headed ogre
  9399 | D:8      | You fall through a shaft!
  9497 | D:8      | Killed Prince Ribbit
 10109 | D:8      | Found Gysexur's Armour Shoppe.
 10411 | D:9      | Noticed Erica
 10448 | D:8      | Killed Erica
 10448 | D:8      | Reached * piety under Okawaru
 10448 | D:8      | Reached skill level 10 in Slings
 10448 | D:8      | Reached XP level 10. HP: 29/65 MP: 3/20
 10962 | D:8      | Reached ** piety under Okawaru
 11471 | D:9      | Noticed a three-headed hydra
 11723 | D:9      | Killed a one-headed hydra
 11723 | D:9      | Reached skill level 11 in Slings
 11723 | D:9      | Reached skill level 5 in Hexes
 12071 | D:9      | Reached *** piety under Okawaru
 12079 | D:9      | Received a gift from Okawaru
 12354 | D:9      | Found a shattered altar of Ashenzari.
 12505 | D:9      | Learned a level 3 spell: Dazzling Spray
 12508 | D:9      | Learned a level 2 spell: Ensorcelled Hibernation
 12519 | D:10     | Entered Level 10 of the Dungeon
 12569 | D:10     | Reached XP level 11. HP: 60/70 MP: 23/23
 12780 | D:10     | Received a gift from Okawaru
 13046 | D:10     | Noticed a two-headed ogre
 13062 | D:10     | Killed a two-headed ogre
 13250 | D:10     | Reached skill level 12 in Slings
 13312 | D:10     | Found a staircase to the Lair.
 14045 | D:10     | Found Xyvuq's Antique Weapon Emporium.
 14317 | D:10     | Killed a two-headed ogre
 14377 | D:11     | Noticed a brown ugly thing
 14419 | D:11     | Killed a brown ugly thing
 14419 | D:11     | Reached **** piety under Okawaru
 14547 | D:11     | Reached skill level 1 in Invocations
 14597 | D:11     | Found Axzarem Loacs's Distillery.
 14609 | D:11     | Received a gift from Okawaru
 14803 | D:11     | Found Fydymp's Book Shoppe.
 14981 | D:11     | Noticed an unseen horror
 15030 | D:11     | Killed an unseen horror
 15317 | D:11     | Found Dygaw's Antique Armour Boutique.
 15325 | D:11     | Bought a dazzling cloak for 256 gold pieces
 15341 | D:11     | Identified the +1 cloak of Henotheism {rElec} (You bought
                  | it in a shop on level 11 of the Dungeon)
 15377 | D:11     | Found Koextaji's Magic Scroll Shop.
 15379 | D:11     | Found a burning altar of Makhleb.
 15389 | D:11     | Bought a scroll of blinking for 97 gold pieces
 15389 | D:11     | Bought a scroll of torment for 97 gold pieces
 15495 | D:11     | Reached skill level 5 in Invocations
 16190 | D:11     | Reached ***** piety under Okawaru
 16351 | D:12     | Found a staircase to the Orcish Mines.
 16366 | D:12     | Received a gift from Okawaru
 16380 | D:12     | Noticed Psyche
 16395 | D:12     | Killed Psyche
 16469 | D:12     | Reached XP level 12. HP: 42/76 MP: 24/24
 18792 | D:12     | Reached skill level 1 in Armour
 19542 | D:12     | Received a gift from Okawaru
 19543 | D:12     | Got a crystal fustibalus {god gift}
 19544 | D:12     | Identified the +2 fustibalus of Sloth {venom, +Blink +Inv
                  | rElec Int-4} (Okawaru gifted it to you on level 12 of the
                  | Dungeon)
 19928 | Orc:1    | Entered Level 1 of the Orcish Mines
 20098 | Orc:1    | Found a roughly hewn altar of Beogh.
 20284 | Orc:2    | Entered Level 2 of the Orcish Mines
 20596 | Orc:2    | Noticed an orc high priest
 20848 | Orc:1    | Killed from afar by an orc high priest

Vault maps used:
D:1:      lightli_molten_gateway, minmay_strange_pillars
D:2:      minmay_hedge_maze
D:3:      serial_forest, infiniplex_forest_clump_medium,
          infiniplex_forest_clump_tiny, infiniplex_forest_join,
          infiniplex_forest_lined_1, makhleb_blood_cavern_becter, uniq_grinder
D:4:      first_ration, minmay_mini_ossuary
D:5:      guppyfry_early_orc_mine
D:7:      minmay_temple_entry_poolview, serial_shops, nicolae_shop_trees
D:8:      serial_shops, shop, uniq_prince_ribbit1
D:9:      lemuel_coloured_pillars_altar, hangedman_ranch, uniq_erica
D:10:     grunt_lair_entry_orc_guard_hut, serial_shops, shop
D:11:     serial_shops, shop, nicolae_shop_waterfront, shop_statue, shop,
          basic_altar
D:12:     hiddenorc2_lemuel, minivault_15, nzn_random_ring, uniq_psyche
Temple:   compressed_dpeg_circular_temple
Orc:1:    statue_in_the_mist_lemuel, minmay_orc_temple_a
Orc:2:    kennysheep_orc_mage_school, serial_shops, nicolae_shop_waterfront,
          uniq_urug, uniq_snorg

Skill      XL: |  1  2  3  4  5  6  7  8  9 10 11 12 |
---------------+-------------------------------------+-----
Slings         | 2 3 4 5 6 8 10 11 12 | 12.5
Hexes          | 3 4 5 8 |  8.0
Spellcasting   | 2 3 7 8 |  8.0
Shields        | 2 3 4 |  4.0
Invocations    | 6 8 |  8.0
Armour         | 1 |  1.7
Fighting       | |  1.1
Dodging        | |  1.8

Action                   |  1- 3 |  4- 6 |  7- 9 | 10-12 || total
-------------------------+-------+-------+-------+-------++-------
Melee: Scimitar          |       |       |   124 |   341 ||   465
       Dagger            |       |       |    51 |   952 ||  1003
       Spear             |       |       |    13 |       ||    13
 Fire: Hunting sling     |   128 |   259 |   634 |   201 ||  1222
       Fustibalus        |       |       |       |   135 ||   135
 Cast: Slow              |       |    10 |    11 |     2 ||    23
       Corona            |       |       |    30 |     8 ||    38
       Cause Fear        |       |       |     8 |       ||     8
       Confuse           |       |       |    53 |   209 ||   262
       Tukima's Dance    |       |       |     4 |    40 ||    44
Evoke: Wand              |       |       |    13 |       ||    13
  Use: Scroll            |       |     4 |     7 |     4 ||    15
 Stab: Confused          |       |       |     4 |    81 ||    85
Armor: Ring mail         |    27 |    26 |   249 |   605 ||   907
Dodge: Dodged            |    42 |    36 |   244 |   625 ||   947
Block: Buckler           |       |     3 |    97 |   280 ||   380
       Rpst.: Scimitar   |       |       |    28 |    50 ||    78

Table legend:
 A = Non-vault XP
 B = Vault XP
 C = Vault XP percentage of total XP
 D = Non-vault monster count
 E = Vault monster count
 F = Vault count percentage of total count
                 A         B        C        D         E       F
            +---------+---------+-------+---------+---------+-------
      Total |   20669 |    9099 |  30.6 |     315 |      89 |  22.0
            +---------+---------+-------+---------+---------+-------
        D:1 |      42 |       0 |   0.0 |      22 |       0 |   0.0
        D:2 |      44 |     272 |  86.1 |      12 |       1 |   7.7
        D:3 |     125 |      40 |  24.2 |      30 |       1 |   3.2
        D:4 |     254 |     158 |  38.3 |      15 |       6 |  28.6
        D:5 |     689 |      88 |  11.3 |      14 |       6 |  30.0
        D:6 |    1950 |       0 |   0.0 |      29 |       0 |   0.0
        D:7 |     643 |       0 |   0.0 |      14 |       0 |   0.0
        D:8 |     825 |    1005 |  54.9 |      13 |       2 |  13.3
        D:9 |    2605 |    2161 |  45.3 |      32 |       8 |  20.0
       D:10 |    3416 |     722 |  17.4 |      37 |       6 |  14.0
       D:11 |    5046 |       0 |   0.0 |      45 |       0 |   0.0
       D:12 |    3580 |    4514 |  55.8 |      27 |      52 |  65.8
      Orc:1 |    1314 |     139 |   9.6 |      18 |       7 |  28.0
      Orc:2 |     136 |       0 |   0.0 |       7 |       0 |   0.0
            +---------+---------+-------+---------+---------+-------
